 Dungeon Crawl Stone Soup version 0.20.1-1-g8b1a95d (webtiles) character file.

1974 Irenicus the Covered (level 9, -10/81 HPs)
             Began as a Deep Dwarf Wanderer on Oct 20, 2017.
             Was a Follower of Makhleb.
             Mangled by an ogre
             ... wielding a +0 giant club
              (20 damage)
             ... on level 6 of the Dungeon.
             The game lasted 00:16:11 (4086 turns).

Irenicus the Covered (Deep Dwarf Wanderer)          Turns: 4086, Time: 00:16:12

Health: -10/81     AC: 15    Str: 18    XL:     9   Next: 0%
Magic:  9/9        EV: 12    Int: 15    God:    Makhleb [*.....]
Gold:   98         SH:  0    Dex: 13    Spells: 9/10 levels left

rFire    . . .     SeeInvis .   i - +3 mace (protect)
rCold    . . .     Gourm    .   (no shield)
rNeg     . . .     Faith    .   b - +0 ring mail
rPois    .         Spirit   .   m - +0 helmet
rElec    .         Reflect  .   (no cloak)
rCorr    .         Harm     .   (no gloves)
MR       +....                  (no boots)
Stlth    ..........             (no amulet)
Regen    0.0/turn               B - ring of loudness (curse)
MPRegen  0.2/turn               (no ring)

@: protection aura, non-regenerating
A: damage resistance, heal wounds, mutation resistance 1, sense surroundings 2,
strong 1, no regeneration
a: Heal Wounds, Renounce Religion


You were on level 6 of the Dungeon.
You worshipped Makhleb.
Makhleb was aware of your devotion.
You were hungry.

You visited 2 branches of the dungeon, and saw 7 of its levels.
You also visited: Sewer.

You collected 228 gold pieces.
You spent 130 gold pieces at shops.

Inventory:

Hand Weapons
 d - a +0 club
 i - a +3 mace of protection (weapon)
Armour
 b - a +0 ring mail (worn)
 m - a +0 helmet (worn)
Jewellery
 B - a cursed ring of loudness (left hand)
Wands
 c - a wand of random effects (2/48)
 o - a wand of digging (8/24)
 q - a wand of flame (16/48)
Scrolls
 e - 2 scrolls of enchant weapon
 k - 2 scrolls of remove curse
 l - a scroll of teleportation {unknown}
 p - a scroll of noise {unknown}
 s - 7 scrolls of identify
 u - 3 scrolls of amnesia {unknown}
 w - 2 scrolls of blinking {unknown}
 x - a scroll of fog {unknown}
 y - a scroll of recharging {unknown}
 z - a scroll of immolation {unknown}
Potions
 j - a potion of brilliance
 n - 2 potions of flight
 r - 2 potions of curing
 A - a potion of haste
Books
 a - a book of Callings

   Spells                             Type                      Level
   a - Summon Small Mammal            Summoning                    1
   b - Call Imp                       Summoning                    2
   c - Call Canine Familiar           Summoning                    3
   d - Summon Guardian Golem          Hexes/Summoning              3
   e - Summon Lightning Spire         Summoning/Air                4
   f - Summon Ice Beast               Ice/Summoning                4
Comestibles
 f - 4 bread rations
 g - 3 royal jellies
 h - 4 meat rations


   Skills:
 - Level 5.2 Fighting
   Level 1.1(3.5) Axes
 - Level 5.0 Maces & Flails
 - Level 7.3 Armour
 + Level 3.6 Dodging
   Level 1.1 Shields
 - Level 1.0 Spellcasting
 - Level 3.0 Summonings
   Level 1.0 Air Magic
 - Level 5.1 Invocations
 - Level 1.3 Evocations


You had 9 spell levels left.
You knew the following spells:

 Your Spells              Type           Power        Failure   Level  Hunger
a - Summon Small Mammal   Summ           #...         12%         1    ##.....


Dungeon Overview and Level Annotations

Branches:
Dungeon (6/15)             Temple (1/1) D:4

Altars:
Dithmenos
Gozag
Hepliaklqana
Kikubaaqudgha
Makhleb
Ru
Xom
Zin
The Shining One

Shops:
D:4 *   D:5 }


Innate Abilities, Weirdness & Mutations

You are resistant to damage.
You can heal yourself by infusing magical energy.
You passively map the area around you.
You do not regenerate.
You are somewhat resistant to further mutation.
Your muscles are strong. (Str +2)


Message History

The ogre shouts!
Found an encrusted garnet ring and a club.
An ogre is nearby!
A jelly comes into view.
Evoke which item? (* to show all) (? for menu, Esc to quit)
Aiming: Random Effects
Press: ? - help, Shift-Dir - straight line, f - ogre
Aim: an ogre, wielding a giant club The puff of flame hits the ogre.
The ogre is lightly wounded.
The jelly quivers.
This wand has 2 charges left.
You sock the ogre!
Your weapon exudes an aura of protection.
The ogre is moderately wounded.
The ogre hits you with a giant club.
You hit the ogre.
The ogre is severely wounded.
The ogre hits you with a giant club!!
You die...

..........##
...........##
*## *
.....)......#
*.). ,
.........##.##
##... ,
..#.....###..###
.... * ####..###
##...###...*** *
# #.## ###...#.#
## #.#
#######...#.# .#
#.#
.......@....# .#
#.#
.......O...##
..##.#
............#
......,
............#
###.,
......=J..<.# .#
............#
...
,............#
.##,, ,
............. ##
, ,,*


You could see an ogre and a jelly.

Vanquished Creatures
  The ghost of Irenicus the Cleaver, a novice DDCK of Makhleb (D:6)
  The ghost of Irenicus the Insei, a novice OpCK of Xom (D:5)
  The ghost of Irenicus the Insei, an amateur OpCK of Xom (D:3)
  A sky beast (D:5)
  2 ogres
  A phantom (D:5)
  An ice beast (D:5)
  A centaur (D:6)
  A big kobold (Sewer)
  A bullfrog (D:6)
  A scorpion (D:5)
  3 crimson imps
  A jelly (D:6)
  A hound (D:3)
  3 orc priests
  Ijyb (D:3)
  An orc wizard (D:6)
  2 worker ants (D:5)
  Terence (D:3)
  A howler monkey skeleton (D:5)
  4 adders
  2 river rats (Sewer)
  A shadow imp (D:5)
  3 dart slugs
  4 worms
  3 leopard geckos
  13 orcs
  A ball python (D:3)
  4 giant cockroaches
  4 goblins
  10 hobgoblins
  7 jackals
  13 kobolds
  7 bats
  4 frilled lizards
  A leopard gecko skeleton (D:5)
  11 rats
118 creatures vanquished.

Vanquished Creatures (collateral kills)
  3 jackals (D:1)
  A bat (D:1)
4 creatures vanquished.

Vanquished Creatures (others)
  An orc wizard (D:4)
1 creature vanquished.

Grand Total: 123 creatures vanquished

Notes
Turn   | Place    | Note
-------+----------+-------------------------------------------
     0 | D:1      | Irenicus the Deep Dwarf Wanderer began the quest for the Orb.
     0 | D:1      | Irenicus set off with: a book of Callings, a +0 ring mail, a wand of random effects (15/48), a +0 club, a bread ration
     0 | D:1      | Reached XP level 1. HP: 18/18 MP: 2/2
     2 | D:1      | Learned a level 1 spell: Summon Small Mammal
   139 | D:1      | Reached XP level 2. HP: 13/25 MP: 1/3
   311 | D:1      | HP: 1/25 [dart slug/slug dart (3)]
   589 | D:1      | Reached XP level 3. HP: 29/31 MP: 4/4
   885 | D:1      | Reached skill level 1 in Maces & Flails
   968 | D:2      | Found a shadowy altar of Dithmenos.
  1277 | D:3      | Noticed Irenicus's ghost (amateur OpCK)
  1298 | D:3      | Killed Irenicus's ghost
  1298 | D:3      | Reached skill level 1 in Dodging
  1298 | D:3      | Reached XP level 4. HP: 20/38 MP: 3/5
  1298 | D:3      | Reached XP level 5. HP: 23/44 MP: 3/6
  1340 | D:3      | Found a glowing drain.
  1368 | Sewer    | Entered a sewer
  1468 | Sewer    | Reached XP level 6. HP: 29/51 MP: 7/7
  1485 | Sewer    | Found a white marble altar of Elyvilon.
  1649 | D:3      | Noticed Terence
  1664 | D:3      | Killed Terence
  1898 | D:3      | Noticed Ijyb
  1906 | D:3      | HP: 2/51 [Ijyb/wand of flame (?/48) (7)]
  1910 | D:3      | Killed Ijyb
  1957 | D:3      | Reached skill level 5 in Maces & Flails
  2328 | D:4      | Found a staircase to the Ecumenical Temple.
  2338 | Temple   | Entered the Ecumenical Temple
  2355 | Temple   | Became a worshipper of Makhleb the Destroyer
  2399 | D:4      | Gained mutation: Your muscles are strong. (Str +2) [potion of mutation]
  2399 | D:4      | Gained mutation: You passively map the area around you. [potion of mutation]
  2399 | D:4      | Gained mutation: You are somewhat resistant to further mutation. [potion of mutation]
  2405 | D:4      | Reached skill level 4 in Armour
  2586 | D:4      | Reached XP level 7. HP: 10/57 MP: 8/8
  2714 | D:4      | Found Haczuk's Assorted Antiques.
  2722 | D:4      | Bought a diamond ring for 130 gold pieces
  3140 | D:5      | Entered Level 5 of the Dungeon
  3159 | D:5      | Reached skill level 5 in Armour
  3284 | D:5      | Noticed Irenicus's ghost (novice OpCK)
  3300 | D:5      | Killed Irenicus's ghost
  3300 | D:5      | Reached skill level 5 in Invocations
  3356 | D:5      | Found Zilaom's Gadget Shoppe.
  3378 | D:5      | Reached XP level 8. HP: 48/68 MP: 10/10
  3963 | D:6      | Noticed Irenicus's ghost (novice DDCK)
  3975 | D:6      | Reached skill level 5 in Fighting
  3987 | D:6      | Reached * piety under Makhleb
  4031 | D:6      | Killed Irenicus's ghost
  4031 | D:6      | Reached skill level 7 in Armour
  4041 | D:6      | Mutation became permanent: You passively map a small area around you. [Deep Dwarf growth]
  4041 | D:6      | Gained mutation: You passively map the area around you. [Deep Dwarf growth]
  4041 | D:6      | Reached XP level 9. HP: 10/81 MP: 9/9
  4086 | D:6      | Mangled by an ogre

Skill      XL: |  1  2  3  4  5  6  7  8 |
---------------+-------------------------+-----
Summonings     | 2 3 |  3.0
Maces & Flails | 3 4 5 |  5.0
Dodging        | 1 2 3 |  3.6
Armour         | 4 5 7 |  7.3
Invocations    | 5 |  5.1
Fighting       | 2 5 |  5.2
Axes           | |  1.1
Shields        | |  1.1
Spellcasting   | |  1.0
Air Magic      | |  1.0
Evocations     | |  1.3

Action                   |  1- 3 |  4- 6 |  7- 9 || total
-------------------------+-------+-------+-------++-------
Melee: Club              |    73 |       |       ||    73
       Mace              |    84 |   220 |   184 ||   488
 Cast: Summon Small Mamm |     5 |     1 |       ||     6
 Abil: Heal Wounds       |     1 |     3 |     9 ||    13
Evoke: Wand              |       |     2 |    13 ||    15
  Use: Potion            |       |     8 |     4 ||    12
       Scroll            |       |     4 |       ||     4
 Stab: Paralysed         |       |     6 |       ||     6
       Invisible         |       |     2 |       ||     2
  Eat: Chunk             |     1 |     5 |     4 ||    10
       Fruit             |       |       |     1 ||     1
Armor: Ring mail         |   100 |    96 |    74 ||   270
       Skin              |       |       |    73 ||    73
Dodge: Dodged            |   130 |   172 |    84 ||   386
